 Dungeon Crawl Stone Soup version 0.30-a0-755-g0b50240ab4 (webtiles) character file.

Game seed: 953898737142459581

603 KleinerIrrer the Grasshopper (level 7, 0/56 HPs)
             Began as a Gnoll Warper on Feb 9, 2023.
             Slain by Menkaure (7 damage)
             ... on level 4 of the Dungeon.
             The game lasted 00:10:09 (3745 turns).

KleinerIrrer the Grasshopper (Gnoll Warper)         Turns: 3745, Time: 00:10:09

Health: 0/56       AC:  8    Str: 10      XL:     7   Next: 42%
Magic:  15/15      EV: 12    Int: 13      God:
Gold:   172        SH:  0    Dex: 10 (13) Spells: 6/17 levels left

rFire   . . .      SeeInvis .    x - +6 dagger (venom)
rCold   . . .      Faith    .    (no shield)
rNeg    + . .      Spirit   .    y - +2 leather armour {rN+}
rPois   .          Reflect  .    q - +0 helmet
rElec   .          Harm     .    (no cloak)
rCorr   .          Rampage  .    (no gloves)
Will    .....                    i - +1 pair of boots
Stlth   ++                       (no amulet)
HPRegen 0.29/turn                (no ring)
MPRegen 0.14/turn                (no ring)

@: no status effects
A: fangs 1, strong nose, distributed training
a: no special abilities


You were on level 4 of the Dungeon.
You visited 1 branch of the dungeon, and saw 4 of its levels.

You collected 172 gold pieces.

Inventory:

Hand Weapons
 a - a +0 falchion
 h - a +2 dagger of draining
 x - a +6 dagger of venom (weapon)
Missiles
 f - 21 stones (quivered)
 k - 10 poisoned darts
 t - a boomerang of dispersal
 u - a throwing net
Armour
 e - a +0 chain mail of poison resistance
 i - a +1 pair of boots (worn)
 n - an orb of energy
 q - a +0 helmet (worn)
 y - a +2 leather armour of positive energy (worn)
Jewellery
 m - a +6 ring of dexterity
Wands
 s - a wand of mindburst (12)
 w - a wand of flame (17)
Scrolls
 o - 4 scrolls of identify {unknown}
 r - a scroll of brand weapon {unknown}
 v - a scroll of butterflies {unknown}
Potions
 d - a potion of brilliance {unknown}
 g - a potion of attraction {unknown}
 j - a potion of might {unknown}
 p - a potion of flight {unknown}


   Skills:
 + Level 5.3 Fighting
 + Level 2.6 Short Blades
 + Level 5.3 Long Blades
 + Level 2.6 Axes
 + Level 2.6 Maces & Flails
 + Level 2.6 Polearms
 + Level 2.6 Staves
 + Level 2.6 Ranged Weapons
 + Level 3.7 Throwing
 + Level 3.7 Armour
 + Level 5.3 Dodging
 + Level 2.6 Stealth
 + Level 2.6 Shields
 + Level 2.6 Unarmed Combat
 + Level 5.6 Spellcasting
 + Level 2.1 Conjurations
 + Level 2.1 Hexes
 + Level 2.1 Summonings
 + Level 2.1 Necromancy
 + Level 5.9 Translocations
 + Level 2.1 Transmutations
 + Level 2.1 Fire Magic
 + Level 2.1 Ice Magic
 + Level 2.1 Air Magic
 + Level 2.1 Earth Magic
 + Level 2.1 Poison Magic
 + Level 2.9 Invocations
 + Level 2.6 Evocations


You had 6 spell levels left.
You knew the following spells:

 Your Spells              Type           Power      Damage    Failure   Level
a - Blink                 Tloc           38%        N/A       3%          2
b - Lesser Beckoning      Tloc           38%        N/A       3%          2
c - Teleport Other        Tloc           19%        N/A       6%          3
d - Manifold Assault      Tloc           19%        N/A       21%         4

Your spell library contained the following spells:

 Spells                   Type           Power      Damage    Failure   Level
 Slow                     Hex            36%        N/A       10%         1
 Vhi's Electric Charge    Tloc/Air       28%        N/A       13%         3
 Confusing Touch          Hex            9%         N/A       28%         3
 Vampiric Draining        Necr           9%         2d6       28%         3


Dungeon Overview and Level Annotations

Branches:
Dungeon (4/15)
 Temple: D:4-7

Altars:
The Shining One

Shops:
D:1 :   D:3 *

Annotations:
D:4 1 runed translucent door, Crazy Yiuf, Eustachio, Menkaure


Innate Abilities, Weirdness & Mutations

You have very sharp teeth.
Your uncanny sense of smell can sniff out nearby items.
Your experience applies equally to all skills.


Message History

You add the spells Slow, Vampiric Draining and Confusing Touch to your library.
Casting: Manifold Assault (quite dangerous; 21% risk of failure)
Confirm with . or Enter, or press ? or * to list all spells.
Okay, then.
Okay, then.
You closely miss the hobgoblin. The hobgoblin barely misses you.
You closely miss the hobgoblin. The hobgoblin completely misses you.
You hit the hobgoblin.
You kill the hobgoblin!
No target in view!
o - 4 scrolls labelled NAMAZO YQ HETO (gained 1)
Found a glowing golden altar of the Shining One.
A kobold comes into view. It is wielding a +0 dagger.
A kobold is nearby!
The kobold shouts!
You hear a shout! x2
Eustachio mumbles some strange words.
Eustachio blinks!
Menkaure, Prince of Dust comes into view.
You hit the kobold.
The kobold is poisoned.
The kobold is severely wounded.
The kobold barely misses you.
You hit the kobold.
You kill the kobold!
Menkaure calls on the powers of darkness!
Your body is wracked with pain!
Menkaure gestures wildly while chanting.
Menkaure seems to speed up.
You see here a +0 dagger.
You closely miss Menkaure. Your bite misses Menkaure.
Menkaure gestures at you while chanting.
Pain shoots through your body!
You hit Menkaure.
Menkaure is lightly damaged.
Menkaure hits you but does no damage.
You hit Menkaure.
Menkaure is moderately damaged.
Menkaure hits you!!
* * * LOW HITPOINT WARNING * * *
Menkaure attacks as you move away! Menkaure hits you!
You die...

.##...... #..
..#...... #..
#..###... #..
#..##### #.@ #..# #
##.. #..### #...
8.8. #...# #..M###
._.8 ###.. #.@.##
.8.8. ##...#
#.)..##..8..##..###
##.#..##.. +#..##
#..#..## ##..##
##..#..###..##
##..#..#..##
##..#.#.## ##.#...#
#....##


You could see Eustachio and Menkaure (fast).

Vanquished Creatures
  Grinder (D:3)
  A scorpion (D:4)
  A jelly (D:4)
  2 orc priests (D:3)
  A gnoll bouda (D:4)
  Ijyb (D:4)
  4 gnolls
  8 adders
  5 dart slugs
  5 orcs (D:3)
  5 ball pythons
  4 endoplasms
  7 giant cockroaches
  10 goblins
  8 hobgoblins
  12 kobolds
  2 quokkas (D:1)
  9 bats
  10 frilled lizards
  5 rats
101 creatures vanquished.

Vanquished Creatures (others)
  3 plants (D:3)
3 creatures vanquished.

Grand Total: 104 creatures vanquished

Notes
Turn   | Place    | Note
-------+----------+-------------------------------------------
     0 | D:1      | KleinerIrrer the Gnoll Warper began the quest for the Orb.
     0 | D:1      | Reached XP level 1. HP: 20/20 MP: 6/6
   147 | D:1      | Reached XP level 2. HP: 13/26 MP: 7/7
   446 | D:1      | Reached skill level 5 in Spellcasting
   446 | D:1      | Reached XP level 3. HP: 30/30 MP: 7/9
   506 | D:1      | Reached skill level 1 in Invocations
   529 | D:1      | Found Zoatt's Book Shoppe.
   774 | D:2      | Learned a level 2 spell: Blink
   777 | D:2      | Learned a level 2 spell: Lesser Beckoning
   781 | D:2      | Learned a level 3 spell: Teleport Other
   808 | D:2      | Reached skill level 1 in Short Blades
   808 | D:2      | Reached skill level 1 in Axes
   808 | D:2      | Reached skill level 1 in Maces & Flails
   808 | D:2      | Reached skill level 1 in Polearms
   808 | D:2      | Reached skill level 1 in Staves
   808 | D:2      | Reached skill level 1 in Ranged Weapons
   808 | D:2      | Reached skill level 1 in Stealth
   808 | D:2      | Reached skill level 1 in Shields
   808 | D:2      | Reached skill level 1 in Unarmed Combat
   808 | D:2      | Reached skill level 1 in Evocations
   872 | D:2      | Reached XP level 4. HP: 34/38 MP: 11/11
  1049 | D:2      | Reached skill level 1 in Conjurations
  1049 | D:2      | Reached skill level 1 in Hexes
  1049 | D:2      | Reached skill level 1 in Summonings
  1049 | D:2      | Reached skill level 1 in Necromancy
  1049 | D:2      | Reached skill level 1 in Transmutations
  1049 | D:2      | Reached skill level 1 in Fire Magic
  1049 | D:2      | Reached skill level 1 in Ice Magic
  1049 | D:2      | Reached skill level 1 in Air Magic
  1049 | D:2      | Reached skill level 1 in Earth Magic
  1049 | D:2      | Reached skill level 1 in Poison Magic
  1655 | D:3      | Found Lagopt's Assorted Antiques.
  1709 | D:3      | Reached XP level 5. HP: 43/43 MP: 12/12
  2331 | D:3      | Noticed Grinder
  2395 | D:3      | Killed Grinder
  2396 | D:3      | Reached skill level 5 in Fighting
  2396 | D:3      | Reached skill level 5 in Long Blades
  2396 | D:3      | Reached skill level 5 in Dodging
  2396 | D:3      | Reached XP level 6. HP: 51/51 MP: 14/14
  2880 | D:3      | Reached XP level 7. HP: 49/56 MP: 15/15
  2889 | D:3      | Learned a level 4 spell: Manifold Assault
  3143 | D:4      | Noticed Ijyb
  3155 | D:4      | Killed Ijyb
  3367 | D:4      | Found a runed translucent door.
  3368 | D:4      | Noticed Crazy Yiuf
  3393 | D:4      | Noticed Eustachio
  3444 | D:3      | HP: 1/56 [orc priest/+0 club (4)]
  3733 | D:4      | Found a glowing golden altar of the Shining One.
  3737 | D:4      | Noticed Menkaure
  3745 | D:4      | Slain by Menkaure

Illustrated notes

Levels and vault maps discovered:
D:1:      co_arrival_square_in_a_square_in_a_square, layout_rooms, serial_shops,
          shop, supply_closet_lemuel
D:2:      layout_rooms, minmay_worlds_worst_comb
D:3:      layout_basic, serial_shops, nicolae_square_shop,
          lexackson_kobold_supper, uniq_grinder
D:4:      layout_rooms, tso_metal_star, uniq_ijyb, uniq_menkaure,
          uniq_crazy_yiuf_cottage, uniq_eustachio

Skill      XL: |  1  2  3  4  5  6  7 |
---------------+----------------------+-----
Spellcasting   | 5 |  5.6
Invocations    | 1 2 |  2.9
Short Blades   | 1 2 |  2.6
Axes           | 1 2 |  2.6
Maces & Flails | 1 2 |  2.6
Polearms       | 1 2 |  2.6
Staves         | 1 2 |  2.6
Ranged Weapons | 1 2 |  2.6
Stealth        | 1 2 |  2.6
Shields        | 1 2 |  2.6
Unarmed Combat | 1 2 |  2.6
Evocations     | 1 2 |  2.6
Conjurations   | 1 2 |  2.1
Hexes          | 1 2 |  2.1
Summonings     | 1 2 |  2.1
Necromancy     | 1 2 |  2.1
Transmutations | 1 2 |  2.1
Fire Magic     | 1 2 |  2.1
Ice Magic      | 1 2 |  2.1
Air Magic      | 1 2 |  2.1
Earth Magic    | 1 2 |  2.1
Poison Magic   | 1 2 |  2.1
Throwing       | 3 |  3.7
Armour         | 3 |  3.7
Fighting       | 5 |  5.3
Long Blades    | 5 |  5.3
Dodging        | 5 |  5.3
Translocations | |  5.9

Action                     |  1- 3 |  4- 6 |  7- 9 || total
---------------------------+-------+-------+-------++-------
  Melee: Falchion          |   115 |   157 |    26 ||   298
         Bite              |     9 |    17 |    10 ||    36
         Dagger            |     4 |       |    37 ||    41
         Punch             |     2 |       |     1 ||     3
  Throw: Boomerang         |     6 |     1 |       ||     7
         Stone             |       |    40 |       ||    40
   Cast: Manifold Assault  |       |       |     2 ||     2
  Evoke: Wand              |       |     4 |     9 ||    13
    Use: Scroll            |     4 |     1 |     3 ||     8
         Potion            |       |     1 |     2 ||     3
   Stab: Sleeping          |     1 |     3 |       ||     4
 Armour: Leather armour    |    47 |    56 |     7 ||   110
  Dodge: Dodged            |    88 |   132 |    44 ||   264

Table legend: (Time is in decaauts)
 A = Elapsed time spent in this place.
 B = Non-inter-level travel time spent in this place.
 C = Inter-level travel time spent in this place.
 D = Time resting spent in this place.
 E = Time spent auto-exploring this place.
 F = Levels seen in this place.
 G = Mean time per level.
                   A        B        C        D        E       F      G
               +--------+--------+--------+--------+--------+-----+--------+
         Total |   3764 |   3492 |    272 |    686 |   1969 |   4 |  941.0 |
       Dungeon |   3764 |   3492 |    272 |    686 |   1969 |   4 |  941.0 |
               +--------+--------+--------+--------+--------+-----+--------+

Top non-repeatable levels by time:
     D:3: 1289 daAuts
     D:2: 1019 daAuts
     D:1: 775 daAuts
     D:4: 679 daAuts
